 Dungeon Crawl Stone Soup version 0.29.1-15-g9cfb28693d (webtiles) character file.

Game seed: 4668064637311930471

16405 Eitelfritz the Thaumaturge (level 12, -17/81 HPs)
             Began as a Demonspawn Ice Elementalist on Apr 14, 2023.
             Was an Elder of Vehumet.
             Demolished by a boulder beetle (43 damage)
             ... on level 12 of the Dungeon.
             The game lasted 00:52:15 (15768 turns).

Eitelfritz the Thaumaturge (DsIE)                  Turns: 15768, Time: 00:52:15

Health: -17/81     AC: 18    Str:  8    XL:     12   Next: 9%
Magic:  27/27      EV: 15    Int: 20    God:    Vehumet [****..]
Gold:   525        SH:  0    Dex: 16    Spells: 7/34 levels left

rFire   . . .      SeeInvis .   a - +1 lajatang (speed)
rCold   + + .      Faith    .   (shield currently unavailable)
rNeg    . . .      Spirit   .   L - +2 robe {rC+ rF+}
rPois   +          Reflect  .   W - +0 helmet
rElec   .          Harm     .   k - +2 cloak
rCorr   .          Rampage  .   c - +2 pair of gloves
Will    .....                   R - +2 pair of boots
Stlth   +++.......              (no amulet)
HPRegen 0.23/turn               d - +4 ring of slaying
MPRegen 0.20/turn               h - ring of ice

@: no status effects
A: slimy green scales 3, demonic guardian 1, icemail 1, condensation shield,
demonic touch 1
a: Renounce Religion


You were on level 12 of the Dungeon.
You worshipped Vehumet.
Vehumet was greatly pleased with you.
You visited 2 branches of the dungeon, and saw 13 of its levels.
You also visited: Bailey.

You collected 1270 gold pieces.
You spent 745 gold pieces at shops.

Inventory:

Hand Weapons
 a - a +1 lajatang of speed (weapon)
 z - a +1 rapier of venom
Missiles
 j - 5 silver boomerangs
 s - 2 throwing nets
 w - 5 silver javelins
 B - 2 javelins
 C - 6 boomerangs
 F - 21 poisoned darts
 S - 9 atropa-tipped darts
Armour
 c - a +2 pair of gloves (worn)
 k - a +2 cloak (worn)
 r - the +0 helmet "Fulladi" {Rampage rElec Dex-5}
   (You took it off Robin on level 2 of the Dungeon)

   Dex:       It affects your dexterity (-5).
   rElec:     It insulates you from electricity.
   Rampage:   It bestows one free step when moving towards enemies.
 L - a +2 robe of resistance (worn)
 M - +0 steam dragon scales
 R - a +2 pair of boots (worn)
 V - a +0 troll leather armour
 W - a +0 helmet (worn)
Magical Staves
 b - a staff of cold
 K - a staff of earth
 P - a staff of death
 X - a staff of poison
Jewellery
 d - a +4 ring of slaying (left hand)
 h - a ring of ice (right hand)
 G - a ring of protection from cold
 J - a ring of ice
 T - a +6 ring of strength
Wands
 q - a wand of light (16)
 H - a wand of charming (5)
 Q - a wand of roots (11)
Scrolls
 l - 2 scrolls of blinking
 n - 2 scrolls of amnesia
 y - 2 scrolls of teleportation
 E - a scroll of poison
 I - 3 scrolls of magic mapping
 O - a scroll of butterflies
Potions
 e - 7 potions of heal wounds
 f - 3 potions of cancellation
 g - a potion of resistance
 i - 2 potions of brilliance
 m - 7 potions of mutation
 o - 5 potions of lignification
 p - 2 potions of flight
 t - 5 potions of curing
 u - 3 potions of berserk rage
 v - 2 potions of magic
 x - 2 potions of attraction
 A - a potion of haste
 D - a potion of might {unknown}
 N - a potion of invisibility {unknown}
 U - a potion of ambrosia {unknown}


   Skills:
 + Level 3.1 Fighting
 + Level 0.5 Short Blades
 + Level 5.1 Staves
 + Level 2.5 Armour
 + Level 6.2 Dodging
 + Level 4.2 Stealth
 + Level 3.1 Shields
 + Level 11.5 Spellcasting
 + Level 4.4 Conjurations
 + Level 9.4 Ice Magic
 + Level 2.6 Air Magic


You had 7 spell levels left.
You knew the following spells:

 Your Spells              Type           Power      Damage    Failure   Level
a - Freeze                Ice            100%       1d11      1%          1
b - Frozen Ramparts       Ice            100%       1d16      1%          3
c - Ozocubu's Armour      Ice            65%        N/A       1%          3
d - Static Discharge      Conj/Air       25%        3-7/arc   1%          2
e - Blink                 Tloc           22%        N/A       9%          2
f - Hailstorm             Conj/Ice       56%        3d12      1%          4
g - Passwall              Tmut/Erth      9%         N/A       9%          2
h - Magic Dart            Conj           100%       1d8       1%          1
i - Foxfire               Conj/Fire      80%        2x1d8     1%          1
j - Searing Ray           Conj           58%        2d6       1%          2
k - Apportation           Tloc           22%        N/A       6%          1
l - Fireball              Conj/Fire      10%        3d6       17%         5

Your spell library contained the following spells:

 Spells                   Type           Power      Damage    Failure   Level
 Necrotise                Necr           44%        1d6       6%          1
 Summon Small Mammal      Summ           44%        N/A       6%          1
 Lightning Bolt           Conj/Air       12%        1d26      11%         5
 Gell's Gravitas          Tloc           11%        N/A       17%         3
 Lesser Beckoning         Tloc           11%        N/A       17%         3
 Teleport Other           Tloc           11%        N/A       17%         3
 Metabolic Englaciation   Hex/Ice        22%        N/A       24%         5
 Summon Lightning Spire   Summ/Air       16%        N/A       34%         4
 Simulacrum               Ice/Necr       22%        N/A       78%         6
 Storm Form               Tmut/Air       8%         N/A       100%        7
 Disjunction              Tloc           5%         N/A       100%        8
 Maxwell's Capacitive Co  Air            10%        ∞         100%        8
 Necromutation            Tmut/Necr      5%         N/A       100%        8
 Chain Lightning          Conj/Air       12%        3d16      100%        9
 Fire Storm               Conj/Fire      10%        8d3       100%        9
 Shatter                  Erth           5%         3d8*      100%        9


Dungeon Overview and Level Annotations

Branches:
Dungeon (12/15)            Temple (1/1) D:4            Lair (0/5) D:9
    Orc (0/2) D:9          Bailey (visited)

Altars:
Ashenzari
Cheibriados
Dithmenos
Fedhas
Gozag
Hepliaklqana
Kikubaaqudgha
Makhleb
Nemelex Xobeh
Okawaru
Qazlal
Ru
Sif Muna
Trog
Uskayaw
Vehumet
Wu Jian
Xom
Yredelemnul

Shops:
D:9 (   D:10 *

Annotations:
D:6 exclusion: statue
D:8 2 transporters, quandasim's ghost, novice HOFi


Innate Abilities, Weirdness & Mutations

You are completely covered in slimy green scales. (AC +4, rPois)
A weak demonic guardian rushes to your aid.
A meltable icy envelope protects you from harm. (AC +0)
A meltable shield of frost defends you. (SH +0)
Your touch may inflict minor irresistible damage on your foes.


Message History

The two-headed ogre is struck by an arc of lightning.
The two-headed ogre is severely wounded.
The orc wizard is struck by an arc of lightning.
The orc wizard is severely wounded.
The lightning grounds out.
A boulder beetle comes into view.
The wall freezes the orc wizard but does no damage.
The wall freezes the two-headed ogre!
The two-headed ogre closely misses you. The two-headed ogre barely misses you.
Unknown command.
You barely miss the two-headed ogre.
The two-headed ogre is almost dead.
The wall freezes the orc wizard.
The orc wizard points at you and mumbles some strange words.
The puff of flame hits you.
Unknown command.
You barely miss the two-headed ogre.
The two-headed ogre is almost dead.
The wall freezes the orc wizard.
You kill the orc wizard!
Vehumet accepts your kill.
The wall freezes the two-headed ogre.
The two-headed ogre hits you with a +0 giant spiked club!!
The two-headed ogre hits you with a +0 giant club!
* * * LOW HITPOINT WARNING * * *
You hit the two-headed ogre.
You kill the two-headed ogre!
Vehumet accepts your kill.
Your frozen ramparts will break if you move.
Continue?
Okay, then.
Your frozen ramparts will break if you move.
Continue?
The frozen ramparts melt away as you move.
The boulder beetle curls into a ball and begins rolling!
The boulder beetle attacks as you move away!
The boulder beetle barely misses you.
The boulder beetle stops rolling and uncurls.
The boulder beetle curls into a ball and begins rolling!
The boulder beetle hits you!!!
Ouch! That really hurt!
You die...

###############.##
#...○B°°...°°○○..#
##.###############
#.# #.........<#
#°# #.##########
#°# #.# #○# #.#
#B# #.# #@# #.#
#.# #.# #.# #.#
##.###.# #......#
##.##### ###


You could see a boulder beetle (rolling).

Vanquished Creatures
  5 two-headed ogres
  Pikel (D:4)
  An orc knight (Bailey)
  Maggie (D:10)
  The ghost of DAR the Magician, a novice DjHW (D:4)
  2 trolls
  Sigmund (D:2)
  20 yaks
  3 wyverns
  A wraith (D:11)
  A vampire (D:9)
  Eustachio (D:4)
  2 steam dragons (D:6)
  6 water moccasins (D:9)
  Edmund (D:4)
  4 black bears
  23 orc warriors
  2 ice beasts
  4 ogres (D:9)
  5 centaurs
  2 lemures (D:4)
  3 kobold brigands
  3 necrophages
  Blork the orc (D:7)
  6 gnoll sergeants (D:9)
  4 scorpions
  5 bullfrogs
  12 wights
  3 howler monkeys
  A crimson imp (D:4)
  4 hounds
  3 jellies
  Crazy Yiuf (D:2)
  5 orc priests
  2 iguanas (D:4)
  13 orc wizards
  Natasha (thrice) (D:2)
  Robin (D:2)
  15 gnolls
  8 adders
  A white imp (D:5)
  2 ufetubi (D:7)
  A worm (D:2)
  2 dart slugs
  52 orcs
  3 ball pythons
  2 bats (D:1)
  2 endoplasms
  A giant cockroach (D:1)
  24 hobgoblins
  4 jackals
  20 kobolds
  A quokka (D:3)
  3 frilled lizards
  28 goblins
  2 hobgoblin zombies (D:4)
  3 kobold skeletons (D:4)
  2 kobold zombies (D:4)
  An orc skeleton (D:4)
  2 orc zombies (D:4)
  5 rats
341 creatures vanquished.

Vanquished Creatures (others)
  5 foxfires (D:9)
  69 fungi
  33 plants (D:9)
107 creatures vanquished.

Grand Total: 448 creatures vanquished

Notes
Turn   | Place    | Note
-------+----------+-------------------------------------------
     0 | D:1      | Eitelfritz the Demonspawn Ice Elementalist began the quest
                  | for the Orb.
     0 | D:1      | Reached XP level 1. HP: 13/13 MP: 3/3
   315 | D:1      | Gained mutation: You are partially covered in slimy green
                  | scales. (AC +2) [demonic ancestry]
   315 | D:1      | Reached XP level 2. HP: 11/19 MP: 0/5
  1256 | D:2      | Noticed Natasha
  1262 | D:2      | Killed Natasha
  1263 | D:2      | Gained mutation: You are mostly covered in slimy green
                  | scales. (AC +3) [demonic ancestry]
  1263 | D:2      | Reached XP level 3. HP: 15/24 MP: 2/6
  1267 | D:2      | Learned a level 3 spell: Frozen Ramparts
  1271 | D:2      | Learned a level 3 spell: Ozocubu's Armour
  1417 | D:2      | Got Qoafut's Almanac of Metamorphosis and Coordinates
  1443 | D:2      | Found a blossoming altar of Fedhas.
  1819 | D:2      | Noticed Natasha
  1880 | D:2      | Killed Natasha
  1881 | D:2      | Reached skill level 3 in Spellcasting
  1881 | D:2      | Reached XP level 4. HP: 21/30 MP: 1/8
  2282 | D:2      | Identified the +0 helmet "Fulladi" {Rampage rElec Dex-5}
  2282 | D:2      | Noticed Robin
  2289 | D:2      | Killed Robin
  2558 | D:2      | Noticed Sigmund
  2594 | D:2      | Killed Sigmund
  2595 | D:2      | Reached skill level 4 in Spellcasting
  2595 | D:2      | Reached skill level 5 in Ice Magic
  2595 | D:2      | Reached XP level 5. HP: 24/35 MP: 0/11
  2720 | D:2      | Found a runed translucent door.
  2721 | D:2      | Noticed Crazy Yiuf
  2793 | D:2      | Noticed Natasha
  2802 | D:2      | Killed Natasha
  2803 | D:2      | Reached XP level 6. HP: 34/41 MP: 9/12
  3274 | D:3      | Learned a level 2 spell: Static Discharge
  3277 | D:3      | Learned a level 2 spell: Blink
  3339 | D:3      | Found a faded altar of an unknown god.
  4088 | D:2      | Killed Crazy Yiuf
  4199 | D:4      | Noticed DAR's ghost (novice DjHW)
  4199 | D:4      | Found a runed translucent door.
  4206 | D:4      | Found a broken altar of Ashenzari.
  4242 | D:4      | Reached XP level 7. HP: 45/47 MP: 4/14
  4244 | D:4      | Noticed Pikel
  4261 | D:4      | Killed Pikel
  4262 | D:4      | Reached skill level 1 in Fighting
  4262 | D:4      | Reached skill level 5 in Spellcasting
  4465 | D:4      | Noticed Eustachio
  4483 | D:4      | Killed Eustachio
  4484 | D:4      | Reached skill level 6 in Spellcasting
  4484 | D:4      | Gained mutation: A meltable shield of frost defends you.
                  | (SH +0) [demonic ancestry]
  4484 | D:4      | Reached XP level 8. HP: 50/54 MP: 2/17
  4758 | D:4      | Learned a level 4 spell: Hailstorm
  4786 | D:4      | Noticed Edmund
  4797 | D:4      | Killed Edmund
  5255 | D:4      | Found a staircase to the Ecumenical Temple.
  5678 | Temple   | Entered the Ecumenical Temple
  5788 | D:5      | Entered Level 5 of the Dungeon
  6752 | D:5      | Learned a level 2 spell: Passwall
  6837 | D:6      | Reached skill level 1 in Armour
  7188 | D:6      | Reached skill level 7 in Spellcasting
  7188 | D:6      | Reached skill level 1 in Conjurations
  7589 | D:6      | Reached skill level 1 in Air Magic
  7589 | D:6      | Gained mutation: You are completely covered in slimy green
                  | scales. (AC +4, rPois) [demonic ancestry]
  7589 | D:6      | Reached XP level 9. HP: 35/59 MP: 9/19
  7962 | D:6      | Found a radiant altar of Vehumet.
  8260 | D:6      | Became a worshipper of Vehumet
  8491 | D:4      | Killed DAR's ghost
  8492 | D:4      | Reached skill level 1 in Shields
  8749 | D:7      | Reached * piety under Vehumet
  8749 | D:7      | Offered knowledge of Magic Dart by Vehumet.
  8750 | D:7      | Reached skill level 8 in Spellcasting
  8925 | D:7      | Noticed Blork the orc
  8939 | D:7      | Killed Blork the orc
  9223 | D:7      | Found a flagged portal.
  9233 | Bailey   | Entered a bailey
  9487 | Bailey   | Gained mutation: A meltable icy envelope protects you from
                  | harm. (AC +0) [demonic ancestry]
  9487 | Bailey   | Reached XP level 10. HP: 67/67 MP: 17/22
  9490 | Bailey   | Reached skill level 9 in Spellcasting
  9676 | Bailey   | Learned a level 1 spell: Magic Dart
  9698 | Bailey   | Offered knowledge of Foxfire by Vehumet.
  9699 | Bailey   | Reached ** piety under Vehumet
  9771 | Bailey   | Learned a level 1 spell: Foxfire
  9857 | Bailey   | Noticed an orc knight
  9857 | Bailey   | Noticed an orc warlord
  9867 | Bailey   | Killed an orc knight
 10231 | D:7      | Reached skill level 1 in Staves
 10449 | D:7      | Found a sparkling altar of Nemelex Xobeh.
 10531 | D:7      | Found an iron altar of Okawaru.
 10992 | D:7      | Acquired 444 gold pieces
 11131 | D:8      | Found a transporter.
 11136 | D:8      | Noticed a five-headed hydra
 11153 | D:8      | Found a transporter.
 11154 | D:8      | Noticed quandasim's ghost (novice HOFi)
 11170 | D:8      | Found an opulent altar of Gozag.
 11174 | D:8      | Noticed a two-headed ogre
 11192 | D:8      | Offered knowledge of Searing Ray by Vehumet.
 11195 | D:8      | Killed a two-headed ogre
 11196 | D:8      | Reached skill level 5 in Dodging
 11753 | D:8      | Identified the amulet of Optimism {Spirit Fragile Str+6}
 11990 | D:8      | Found a stormy altar of Qazlal.
 12291 | D:9      | Found Zueg's Antique Weapon Emporium.
 12300 | D:9      | Bought a glowing lajatang for 576 gold pieces
 12359 | D:9      | Reached skill level 10 in Spellcasting
 12384 | D:9      | Reached *** piety under Vehumet
 12451 | D:9      | Learned a level 2 spell: Searing Ray
 12453 | D:9      | Learned a level 1 spell: Apportation
 12464 | D:9      | Found a staircase to the Lair.
 12480 | D:9      | Gained mutation: Your touch may inflict minor irresistible
                  | damage on your foes. [demonic ancestry]
 12480 | D:9      | Reached XP level 11. HP: 62/72 MP: 23/25
 12489 | D:9      | Offered knowledge of Stone Arrow by Vehumet.
 12593 | D:9      | Reached **** piety under Vehumet
 12839 | D:9      | Reached skill level 11 in Spellcasting
 13088 | D:9      | Offered knowledge of Fireball by Vehumet.
 13356 | D:9      | Found a staircase to the Orcish Mines.
 13720 | D:10     | Entered Level 10 of the Dungeon
 13800 | D:10     | Noticed Maggie
 13808 | D:10     | Killed Maggie
 13863 | D:10     | Found Qajecreoju's General Store.
 13871 | D:10     | Bought a potion of haste for 130 gold pieces
 13871 | D:10     | Bought a potion of curing for 39 gold pieces
 14129 | D:10     | Noticed a two-headed ogre
 14143 | D:10     | Killed a two-headed ogre
 14401 | D:10     | Found a sacrificial altar of Ru.
 14993 | D:11     | Noticed a two-headed ogre
 15008 | D:11     | Killed a two-headed ogre
 15479 | D:11     | Noticed a two-headed ogre
 15491 | D:11     | Killed a two-headed ogre
 15492 | D:11     | Gained mutation: A weak demonic guardian rushes to your
                  | aid. [demonic ancestry]
 15492 | D:11     | Reached XP level 12. HP: 60/81 MP: 23/27
 15676 | D:11     | Learned a level 5 spell: Fireball
 15733 | D:12     | Reached skill level 5 in Staves
 15735 | D:12     | Noticed a two-headed ogre
 15744 | D:12     | Noticed a boulder beetle
 15747 | D:12     | Killed a two-headed ogre
 15768 | D:12     | Demolished by a boulder beetle

Illustrated notes

Levels and vault maps discovered:
D:1:      elethiomel_arrival_infinity_welcomes_careful_drivers,
          layout_loops_corners, minmay_tetromino_t2
D:2:      layout_loops_corners, basic_altar, serial_co_window_serial,
          co_window_of_opportunity_a, co_window_paths_a, co_window_paths_b,
          co_window_paths_a, co_window_paths_a, co_window_corner_cb,
          co_window_broadway_a, co_window_broadway_c, glass_columns_a,
          dreamdust_mushroom_princess, uniq_sigmund, uniq_natasha, uniq_robin,
          uniq_crazy_yiuf_cottage
D:3:      layout_basic, shapermc_ecumenical_altar_mp_urbaneastern,
          minmay_misc_feat_x
D:4:      layout_cave_pods, cheibrodos_ashenzari_chains,
          nicolae_tso_besieged_by_evil, minmay_temple_entry_slanted,
          ebering_ghost_inner_flame, minmay_goblin_outpost, uniq_eustachio,
          uniq_edmund, uniq_pikel
D:5:      layout_basic, serial_park_tiny_2, nrook_mini_vaults, dk_vineyard_3,
          minmay_misc_feat_encased
D:6:      nicolae_cairo_tiling_large, layout_loops_corners, vehumet_statue
D:7:      layout_basic, okawaru_altar_gauntlet_db,
          mainiacjoe_overflow_small_starburst, enter_bailey_6, sword_in_stone
D:8:      layout_basic, nicolae_gozag_seed_capital, grunt_qazlal_clouds,
          nzn_ghost_randoct
D:9:      layout_small_grid, due_lair_maze_entry_diamond,
          kennysheep_orc_monster_closet_entryway, serial_shops, shop
D:10:     layout_basic, nicolae_ru_great_annihilating_truth, serial_shops, shop,
          uniq_maggie
D:11:     layout_gridville
D:12:     gammafunk_worm_tunnel, layout_basic
Temple:   jpeg_temple_clearing

Skill      XL: |  1  2  3  4  5  6  7  8  9 10 11 12 |
---------------+-------------------------------------+-----
Dodging        | 2 3 4 5 6 |  6.2
Ice Magic      | 4 5 6 7 8 9 |  9.4
Spellcasting   | 3 4 6 7 8 10 11 | 11.5
Stealth        | 2 3 4 |  4.2
Fighting       | 1 2 3 |  3.1
Armour         | 2 |  2.5
Conjurations   | 1 2 3 4 |  4.4
Air Magic      | 1 2 |  2.6
Shields        | 1 2 3 |  3.1
Staves         | 2 4 5 |  5.1
Short Blades   | |  0.5

Action                   |  1- 3 |  4- 6 |  7- 9 | 10-12 || total
-------------------------+-------+-------+-------+-------++-------
Melee: Short sword       |    12 |    33 |       |       ||    45
       Staff             |       |       |   141 |   141 ||   282
       Punch             |       |       |     2 |     3 ||     5
       Lajatang          |       |       |       |   103 ||   103
       Touch             |       |       |       |    22 ||    22
 Fire: Sling             |       |       |     1 |       ||     1
 Cast: Freeze            |    33 |    41 |    75 |    14 ||   163
       Frozen Ramparts   |       |     8 |    26 |    52 ||    86
       Static Discharge  |       |       |    38 |    51 ||    89
       Ozocubu's Armour  |       |       |     2 |       ||     2
       Hailstorm         |       |       |     1 |     7 ||     8
       Magic Dart        |       |       |       |    23 ||    23
       Foxfire           |       |       |       |     3 ||     3
       Blink             |       |       |       |     2 ||     2
  Use: Scroll            |       |    10 |     8 |    14 ||    32
       Potion            |       |       |       |     1 ||     1
 Stab: Sleeping          |     2 |       |     2 |     5 ||     9
Armor: Robe              |     8 |    22 |    32 |   156 ||   218
       Leather armour    |       |       |    81 |       ||    81
Dodge: Dodged            |    24 |    44 |   183 |   217 ||   468
Block: Other             |       |       |    49 |    57 ||   106
